AoeStats
← Loud4Sal

Arena

504518149Analyzed
4v4 RM · 28d ago on Sep 5, 2026· 67m 37s· 8 players
Game mode
Random Map
Map size
Large (8 player)
Population
200
Speed
Normal
Resources
Standard
Victory
Conquest
Starting age
Dark Age
Ending age
Imperial Age
RankedLock teamsTeams togetherTeam positionsShared explorationLock speedFull tech treeHidden civsTurbo modeCheats
Victory
Defeat
🇺🇸 Burgundians · United States
670
+15
🇺🇸 Britons · United States
658
+15
🇧🇷 Mongols · Brazil
542
+20
🇩🇪 Turks · Germany
536
+20
🇺🇸 Gurjaras · United States
671
-19
🇺🇸 Khmer · United States
653
-18
🇺🇸 Turks · United States
620
-17
🇺🇸 Japanese · United States
590
-16
Tayssa09
9:24 Feudal Age
11:58 Double-Bit Axe
12:56 Horse Collar
18:58 Castle Age
21:23 Heavy Plow
21:35 Bow Saw
24:18 Pikeman
35:01 Imperial Age
34:32 Caravan
36:58 Gold Mining
36:58 Stone Mining
37:34 Elite Mangudai
39:34 Onager
40:37 Padded Archer Armor
40:27 Fletching
waxahn
7:37 Wheelbarrow
6:51 Loom
11:22 Feudal Age
9:47 Double-Bit Axe
11:30 Gold Mining
12:13 Bow Saw
12:52 Horse Collar
14:58 Heavy Plow
16:59 Hand Cart
21:33 Castle Age
19:30 Stone Mining
21:46 Gold Shaft Mining
21:49 Stone Shaft Mining
22:16 Forging
23:26 Crop Rotation
23:59 Two-Man Saw
26:30 Cavalier
26:40 Elite Skirmisher
27:25 Squires
27:12 Arson
29:49 Scale Barding Armor
30:21 Iron Casting
35:25 Imperial Age
34:18 Ballistics
34:21 Chain Barding Armor
35:05 Pikeman
37:12 Caravan
37:43 Halberdier
39:17 Paladin
40:40 Plate Barding Armor
41:05 Blast Furnace
39:29 Man-at-Arms
40:34 Long Swordsman
41:47 Scale Mail Armor
41:24 Two-Handed Swordsman
44:37 Chain Mail Armor
46:08 Husbandry
46:26 Elite Coustillier
47:13 Burgundian Vineyards
46:50 Champion
55:02 Chemistry
54:35 Plate Mail Armor
53:56 Fletching
54:06 Padded Archer Armor
58:47 Murder Holes
59:04 Masonry
58:57 Bodkin Arrow
59:17 Leather Archer Armor
60:04 Onager
66:42 Bracer
67:34 Capped Ram
longbow900
2:58 Loom
10:16 Feudal Age
13:16 Wheelbarrow
12:34 Double-Bit Axe
20:15 Forging
19:55 Fletching
26:51 Castle Age
27:19 Man-at-Arms
28:02 Long Swordsman
29:15 Gambesons
33:09 Bodkin Arrow
33:14 Padded Archer Armor
37:34 Imperial Age
38:37 Conscription
37:55 Two-Handed Swordsman
39:37 Bow Saw
42:07 Hoardings
42:18 Heated Shot
42:27 Murder Holes
45:23 Bracer
45:39 Leather Archer Armor
45:37 Champion
49:05 Chemistry
48:38 Ballistics
48:30 Fortified Wall
50:23 Ring Archer Armor
53:34 Scale Mail Armor
54:41 Chain Mail Armor
58:46 Squires
58:33 Arson
59:24 Hand Cart
60:17 Yeomen
60:48 Gold Mining
62:10 Two-Man Saw
62:37 Elite Longbowman
66:41 Iron Casting
66:37 Plate Mail Armor
66:12 Scale Barding Armor
66:25 Masonry
Laulipauliquappenkauli
11:59 Feudal Age
13:16 Double-Bit Axe
14:47 Wheelbarrow
14:35 Horse Collar
14:53 Stone Mining
14:56 Gold Mining
21:39 Castle Age
27:23 Hand Cart
27:42 Bow Saw
33:14 Imperial Age
34:57 Fletching
35:02 Heated Shot
35:22 Masonry
35:53 Gold Shaft Mining
36:20 Two-Man Saw
35:24 Heavy Plow
38:14 Architecture
Str8dubclub5
3:00 Loom
12:43 Feudal Age
15:26 Double-Bit Axe
16:11 Horse Collar
17:02 Scale Barding Armor
17:07 Forging
20:54 Wheelbarrow
22:33 Castle Age
21:28 Bloodlines
21:25 Gold Mining
21:26 Stone Mining
24:42 Husbandry
24:47 Fletching
24:58 Padded Archer Armor
26:01 Bow Saw
27:03 Gold Shaft Mining
26:55 Heavy Plow
31:13 Treadmill Crane
33:58 Leather Archer Armor
34:35 Fortified Wall
37:29 Town Watch
43:39 Imperial Age
44:16 Heavy Camel Rider
52:42 Hand Cart
53:35 Scale Mail Armor
54:11 Iron Casting
Urgirlfavtoy
5:40 Loom
12:51 Feudal Age
14:09 Wheelbarrow
13:29 Double-Bit Axe
13:30 Horse Collar
14:09 Gold Mining
21:19 Castle Age
19:59 Stone Mining
22:11 Heavy Plow
22:26 Bloodlines
22:17 Husbandry
22:58 Bow Saw
24:03 Coinage
23:34 Caravan
24:19 Scale Barding Armor
24:25 Forging
25:41 Hand Cart
25:53 Chain Barding Armor
27:59 Iron Casting
27:44 Light Cavalry
32:41 Imperial Age
32:48 Elite Ballista Elephant
33:52 Conscription
34:31 Ballistics
34:02 Heated Shot
38:09 Blast Furnace
43:02 Chemistry
42:41 Double Crossbow
50:13 Pikeman
51:25 Elite Battle Elephant
51:34 Elite Skirmisher
56:20 Scale Mail Armor
62:12 Hussar
Loud4Sal
1:43 Loom
14:34 Feudal Age
17:03 Wheelbarrow
16:11 Horse Collar
18:36 Scale Mail Armor
19:33 Arson
21:25 Padded Archer Armor
21:37 Forging
21:42 Man-at-Arms
27:03 Castle Age
29:00 Chain Mail Armor
29:22 Iron Casting
29:15 Squires
29:02 Gambesons
30:02 Heavy Plow
30:08 Double-Bit Axe
31:00 Long Swordsman
31:04 Elite Skirmisher
33:00 Pikeman
35:31 Thumb Ring
35:58 Hand Cart
42:18 Imperial Age
41:10 Fortified Wall
46:09 Caravan
46:42 Coinage
47:01 Leather Archer Armor
48:23 Elite Samurai
50:12 Plate Mail Armor
53:28 Bow Saw
56:18 Two-Handed Swordsman
60:11 Blast Furnace
monchatas
13:28 Feudal Age
14:47 Wheelbarrow
16:37 Double-Bit Axe
16:38 Horse Collar
23:41 Castle Age
23:07 Gold Mining
23:11 Stone Mining
25:06 Hand Cart
25:07 Bow Saw
25:06 Heavy Plow
25:31 Man-at-Arms
27:32 Squires
27:18 Arson
26:54 Long Swordsman
30:10 Husbandry
30:21 Bloodlines
30:39 Loom
36:35 Imperial Age
37:15 Two-Handed Swordsman
40:41 Coinage
49:00 Conscription
52:20 Conscription
52:01 Champion
55:30 Caravan
56:01 Banking
Connection lost

Rejoining the realm…

Still unreachable

The connection could not be restored.

Session expired

The server has moved on; the page needs a fresh start.